 Dungeon Crawl Stone Soup version 0.27-a0-1087-gf39c287674 (webtiles) character file.

Game seed: 6868047232237388756

1186 Feb132020 the Magician (level 8, -2/55 HPs)
             Began as a Djinni Hedge Wizard on Apr 26, 2021.
             Was a Follower of Makhleb.
             Slain by a bullfrog zombie (5 damage)
             ... on level 6 of the Dungeon on Apr 27, 2021.
             The game lasted 00:42:04 (10267 turns).

Feb132020 the Magician (Djinni Hedge Wizard)       Turns: 10267, Time: 00:42:05

Health: -2/55      AC:  4    Str:  9    XL:     8   Next: 42%
Gold:   283        EV: 13    Int: 17    God:    Makhleb [*.....] SH:  0 Dex: 14

rFire    + . .     SeeInvis .   w - +2 whip (venom)
rCold    . . .     Faith    .   (no shield)
rNeg     . . .     Spirit   .   b - +0 robe
rPois    ∞         Reflect  .   c - +0 hat
rElec    .         Harm     .   e - +1 cloak
rCorr    .         Rampage  .   (no gloves)
Will     .....                  (boots unavailable)
Stlth    +++.......             (no amulet)
HPRegen  0.18/turn              n - ring of ice
MPRegen  0.00/turn              (no ring)

@: mighty, flying
A: fire resistance 2, cold vulnerability 1, float, innate caster, hp casting,
extra vitality 1
a: Renounce Religion


You were on level 6 of the Dungeon.
You worshipped Makhleb.
Makhleb was aware of your devotion.
You visited 2 branches of the dungeon, and saw 7 of its levels.

You collected 283 gold pieces.

Inventory:

Hand Weapons
 a - a +0 dagger
 p - a +0 dagger of holy wrath
 w - a +2 whip of venom (weapon)
Missiles
 i - 18 poisoned darts (quivered)
 q - 5 atropa-tipped darts
Armour
 b - a +0 robe (worn)
 c - a +0 hat (worn)
 e - a +1 cloak (worn)
Magical Staves
 r - a staff of death
 y - a staff of cold
Jewellery
 n - a ring of ice (left hand)
Wands
 x - a wand of flame (15)
Scrolls
 h - a scroll of amnesia
Potions
 d - a potion of flight {unknown}
 f - a potion of might
 k - 2 potions of brilliance
 m - 2 potions of degeneration {unknown}
 s - a potion of berserk rage {unknown}
 t - a potion of curing {unknown}
 v - a potion of lignification {unknown}
 z - a potion of haste {unknown}


   Skills:
 + Level 2.6 Fighting
 + Level 2.9 Short Blades
 + Level 0.9 Maces & Flails
 + Level 4.3 Dodging
 + Level 4.1 Stealth
 + Level 6.0 Spellcasting


You had one spell level left.
You knew the following spells:

 Your Spells              Type           Power      Damage    Failure   Level
a - Magic Dart            Conj           100%       1d8       1%          1
b - Blink                 Tloc           N/A        N/A       1%          2
c - Mephitic Cloud        Conj/Pois/Air  25%        N/A       3%          3
d - Slow                  Hex            25%        N/A       1%          2
e - Conjure Flame         Conj/Fire      25%        6-21      3%          3
f - Call Imp              Summ           25%        N/A       1%          2
g - Pain                  Necr           100%       1d9       1%          1
h - Wereblood             Tmut           25%        N/A       1%          2
p - Passwall              Tmut/Erth      20%        N/A       1%          2
Your spell library was empty.

Dungeon Overview and Level Annotations

Branches:
Dungeon (6/15)             Temple (1/1) D:5

Altars:
Ashenzari
Cheibriados
Dithmenos
Elyvilon
Hepliaklqana
Kikubaaqudgha
Makhleb
Nemelex Xobeh
Qazlal
Ru
Sif Muna
Trog
Uskayaw
Vehumet
Xom
Yredelemnul
Zin
The Shining One

Shops:
D:3 (   D:6 (


Innate Abilities, Weirdness & Mutations

You are immune to poison.
Your flesh is very heat resistant. (rF++)
You are vulnerable to cold. (rC-)
You float through the air rather than walking.
You learn spells naturally, not from books.
Your magical power is your life essence.
You have superior vitality. (+4 HP)


Message History

You barely miss the water moccasin skeleton.
The water moccasin skeleton is lightly damaged.
The water moccasin skeleton bites you. The bullfrog hits you.
The water moccasin skeleton bites you.
* * * LOW HITPOINT WARNING * * *
You hit the water moccasin skeleton.
The water moccasin skeleton is moderately damaged.
The bullfrog hits you.
* * * LOW HITPOINT WARNING * * *
The water moccasin skeleton bites you.
* * * LOW HITPOINT WARNING * * *
The bullfrog closely misses you.
You hit the water moccasin skeleton.
The water moccasin skeleton is moderately damaged.
You kill the bullfrog!
Makhleb accepts your kill.
You feel better. The water moccasin skeleton misses you.
The bullfrog zombie hits you but does no damage.
You hit the water moccasin skeleton.
The water moccasin skeleton is heavily damaged.
The water moccasin skeleton closely misses you.
The bullfrog zombie barely misses you. The water moccasin skeleton bites you!
* * * LOW HITPOINT WARNING * * *
You hit the water moccasin skeleton.
The water moccasin skeleton is severely damaged.
The bullfrog zombie barely misses you. The water moccasin skeleton bites you.
* * * LOW HITPOINT WARNING * * *
You closely miss the water moccasin skeleton.
The water moccasin skeleton is severely damaged.
The bullfrog zombie closely misses you. The water moccasin skeleton misses you.
The bullfrog zombie hits you.
* * * LOW HITPOINT WARNING * * *
You feel very mighty all of a sudden.
The water moccasin skeleton barely misses you.
The bullfrog zombie barely misses you.
You whack the water moccasin skeleton!
You destroy the water moccasin skeleton!
Makhleb accepts your kill. The bullfrog zombie hits you.
You die...

### # $.# ... #.# #..#
#.# #... #.# #.#.
##.#.###### #.# #.#.
#......@Z.#####.#####.#.
#.###.###.............#.
# #..####......... #..#
#######.## #..# #.##
#..# #... #..# #### ...#
...#


You could see a bullfrog zombie.

Vanquished Creatures
  A hornet zombie (D:5)
  An orc warrior (D:5)
  A sky beast (D:5)
  A necrophage (D:4)
  An ogre (D:4)
  A bullfrog (D:6)
  A scorpion (D:4)
  A water moccasin skeleton (D:6)
  3 hounds
  2 gnoll shamans
  A jelly (D:5)
  2 orc wizards
  Natasha (twice) (D:4)
  3 hound skeletons (D:4)
  A mummy (D:5)
  14 gnolls
  6 adders
  An adder skeleton (D:4)
  2 worms
  2 dart slugs (D:1)
  9 orcs
  4 ball pythons
  7 bats
  7 endoplasms
  4 giant cockroaches
  7 hobgoblins
  18 jackals
  4 quokkas
  A frilled lizard (D:2)
  10 goblins
  9 kobolds
  2 kobold zombies (D:5)
  An orc zombie (D:5)
  3 rats
133 creatures vanquished.

Vanquished Creatures (collateral kills)
  Natasha (D:4)
1 creature vanquished.

Vanquished Creatures (others)
  3 plants (D:2)
3 creatures vanquished.

Grand Total: 137 creatures vanquished

Notes
Turn   | Place    | Note
-------+----------+-------------------------------------------
     0 | D:1      | Feb132020 the Djinni Hedge Wizard began the quest for the
                  | Orb.
     0 | D:1      | Reached XP level 1. HP: 15/15 MP: 0/0
   194 | D:1      | Reached skill level 3 in Spellcasting
   225 | D:1      | Reached XP level 2. HP: 8/21 MP: 0/0
  1284 | D:1      | Reached XP level 3. HP: 22/25 MP: 0/0
  1284 | D:1      | Learned a level 1 spell: Pain
  1414 | D:1      | Found a faded altar of an unknown god.
  2918 | D:1      | Reached XP level 4. HP: 25/31 MP: 0/0
  3495 | D:2      | Reached skill level 4 in Spellcasting
  3754 | D:2      | Found a shadowy altar of Dithmenos.
  3956 | D:2      | You are sucked into a shaft and drop 2 floors!
  3975 | D:4      | Noticed an ogre
  3982 | D:4      | Noticed a scorpion
  3988 | D:4      | Reached XP level 5. HP: 28/36 MP: 0/0
  3988 | D:4      | Learned a level 2 spell: Wereblood
  4152 | D:4      | Noticed Natasha
  4276 | D:3      | Found Cutoga's Weapon Emporium.
  4488 | D:3      | Found a hide-covered altar of Uskayaw.
  4523 | D:3      | Found a hazy altar of Hepliaklqana.
  5353 | D:3      | Found a snail-covered altar of Cheibriados.
  5478 | D:4      | Killed Natasha
  5479 | D:4      | Reached XP level 6. HP: 26/41 MP: 0/0
  5874 | D:4      | Reached skill level 5 in Spellcasting
  6298 | D:4      | Found a basalt altar of Yredelemnul.
  6301 | D:4      | Noticed a profane servitor
  6309 | D:4      | Noticed Natasha
  6319 | D:4      | Killed Natasha
  6320 | D:4      | Reached skill level 1 in Fighting
  6320 | D:4      | Reached skill level 1 in Short Blades
  6380 | D:4      | Found a glowing golden altar of the Shining One.
  6416 | D:4      | Noticed a necrophage
  6425 | D:4      | Killed a necrophage
  6426 | D:4      | Reached XP level 7. HP: 35/47 MP: 0/0
  6426 | D:4      | Learned a level 2 spell: Passwall
  6658 | D:4      | Noticed Natasha
  6682 | D:4      | Killed Natasha
  7256 | D:4      | Noticed an angel
  7258 | D:4      | Upgraded the game from 0.27-a0-1083-gcf8293e1eb to
                  | 0.27-a0-1087-gf39c287674
  7304 | D:5      | Entered Level 5 of the Dungeon
  7699 | D:5      | Found a staircase to the Ecumenical Temple.
  7708 | Temple   | Entered the Ecumenical Temple
  7904 | D:1      | Became a worshipper of Makhleb the Destroyer
  7904 | D:1      | Reached * piety under Makhleb
  8666 | D:5      | Reached XP level 8. HP: 9/54 MP: 0/0
  9515 | D:5      | Reached skill level 6 in Spellcasting
  9866 | D:6      | Found Vypucud's Antique Weapon Emporium.
  9912 | D:6      | Found a sparkling altar of Nemelex Xobeh.
 10267 | D:6      | Slain by a bullfrog zombie

Illustrated notes

Levels and vault maps discovered:
D:1:      saegor_arrival_simple_d, layout_basic,
          ebering_ecumenical_altar_sacrificial, minmay_fountain_box
D:2:      cheibrodos_old_hovel, layout_loops_ring, basic_altar
D:3:      minmay_diamond_boxcup, layout_rooms, lemuel_round_altar,
          nicolae_uskayaw_suspiria, amethyst_overflow_temple_binary,
          serial_shops, nicolae_shop_behind_doors
D:4:      layout_loops_ring, grunt_temple_overflow_holy_war, moated_statue,
          uniq_natasha
D:5:      layout_basic, minmay_temple_entry_grid, minmay_mini_ossuary
D:6:      layout_loops_ring, nicolae_wu_jian_immortal_techniques,
          nicolae_overflow_hidden_temple, serial_shops,
          nicolae_shop_statue_plus, enter_ossuary_4
Temple:   eino_wide_crystal_templ

Skill      XL: |  1  2  3  4  5  6  7  8 |
---------------+-------------------------+-----
Spellcasting   | 3 4 5 6 |  6.0
Stealth        | 2 3 4 |  4.1
Dodging        | 3 4 |  4.3
Fighting       | 1 2 |  2.6
Short Blades   | 1 2 |  2.9
Maces & Flails | |  0.9

Action                   |  1- 3 |  4- 6 |  7- 9 || total
-------------------------+-------+-------+-------++-------
Melee: Dagger            |     6 |   126 |    41 ||   173
       Whip              |       |       |    94 ||    94
 Cast: Magic Dart        |   108 |   135 |    55 ||   298
       Mephitic Cloud    |     1 |     1 |    11 ||    13
       Call Imp          |       |     3 |     1 ||     4
       Wereblood         |       |     1 |       ||     1
       Conjure Flame     |       |       |     2 ||     2
  Use: Scroll            |     1 |     1 |     7 ||     9
       Potion            |       |     1 |     4 ||     5
 Stab: Confused          |     1 |     1 |     6 ||     8
       Sleeping          |       |     7 |     1 ||     8
       Distracted        |       |       |     1 ||     1
Armor: Robe              |    15 |    39 |     9 ||    63
Dodge: Dodged            |    41 |   111 |    90 ||   242

Table legend: (Time is in decaauts)
 A = Elapsed time spent in this place.
 B = Non-inter-level travel time spent in this place.
 C = Inter-level travel time spent in this place.
 D = Time resting spent in this place.
 E = Time spent auto-exploring this place.
 F = Levels seen in this place.
 G = Mean time per level.
                   A        B        C        D        E       F      G
               +--------+--------+--------+--------+--------+-----+--------+
         Total |  10276 |   9892 |    384 |   1488 |   6935 |   7 | 1468.0 |
       Dungeon |  10209 |   9841 |    368 |   1488 |   6894 |   6 | 1701.5 |
        Temple |     66 |     50 |     16 |      0 |     41 |   1 |   66.0 |
               +--------+--------+--------+--------+--------+-----+--------+

Top non-repeatable levels by time:
     D:1: 2848 daAuts
     D:4: 2182 daAuts
     D:5: 2160 daAuts
     D:2: 1331 daAuts
     D:3: 1205 daAuts
     D:6: 482 daAuts
  Temple: 66 daAuts
